 Dungeon Crawl Stone Soup version 0.27.0-1-g7a089689b8 (console) character file.

Game seed: 2867072094285474511

43 jejorda2 the Caller (level 3, -1/28 HPs)
             Began as a Ghoul Summoner on Aug 2, 2021.
             Slain by a gnoll (3 damage)
             ... on level 1 of the Dungeon.
             The game lasted 00:05:25 (2244 turns).

jejorda2 the Caller (Ghoul Summoner)                Turns: 2244, Time: 00:05:26

Health: -1/28      AC:  2    Str: 12    XL:     3   Next: 58%
Magic:  1/4        EV: 12    Int: 10    God:
Gold:   17         SH:  0    Dex:  9    Spells: 4/5 levels left

rFire    . . .     SeeInvis .     - Unarmed
rCold    + . .     Faith    .   (no shield)
rNeg     + + +     Spirit   .   a - +0 robe
rPois    ∞         Reflect  .   (no helmet)
rElec    .         Harm     .   (no cloak)
rCorr    .         Rampage  .   (no gloves)
Will     .....                  (no boots)
Stlth    ++........             (no amulet)
HPRegen  0.00/turn              (no ring)
MPRegen  0.09/turn              (no ring)

@: inhibited regen
A: claws 1, cold resistance 1, negative energy resistance 3, inhibited
regeneration, torment resistance 2
a: no special abilities


You were on level 1 of the Dungeon.
You visited 1 branch of the dungeon, and saw 2 of its levels.

You collected 17 gold pieces.

Inventory:

Missiles
 c - 4 atropa-tipped darts
 d - 50 stones (quivered)
 j - 3 boomerangs
Armour
 a - a +0 robe (worn)
Scrolls
 g - 2 scrolls of teleportation {unknown}
 i - a scroll of identify {unknown}
Potions
 b - a potion of heal wounds {unknown}
 e - a potion of lignification {unknown}
 f - a potion of curing
 h - a potion of berserk rage {unknown}


   Skills:
 + Level 1.1 Fighting
 - Level 1.7 Dodging
 - Level 2.1 Stealth
 * Level 3.1 Unarmed Combat
 - Level 1.7 Spellcasting
 - Level 3.6 Summonings


You had 4 spell levels left.
You knew the following spells:

 Your Spells              Type           Power      Damage    Failure   Level
a - Summon Small Mammal   Summ           32%        N/A       8%          1

Your spell library contained the following spells:

 Spells                   Type           Power      Damage    Failure   Level
 Call Imp                 Summ           8%         N/A       11%         2
 Call Canine Familiar     Summ           8%         N/A       22%         3
 Static Discharge         Conj/Air       0%         N/A       43%         2
 Summon Guardian Golem    Hex/Summ       4%         N/A       43%         3
 Summon Lightning Spire   Summ/Air       4%         N/A       83%         4
 Lightning Bolt           Conj/Air       0%         1d11      100%        5
 Maxwell's Capacitive Co  Air            0%         ∞         100%        8


Dungeon Overview and Level Annotations

Branches:
Dungeon (2/15)

Altars:

Shops:
D:1 *


Innate Abilities, Weirdness & Mutations

You thrive by killing the living.
You are immune to poison.
You have sharp fingernails.
Your flesh is cold resistant. (rC+)
You are immune to negative energy. (rN+++)
You do not regenerate when monsters are visible.
You are immune to unholy pain and torment.


Message History

The gnoll barely misses you.
You barely miss the gnoll.
The gnoll is moderately wounded.
The gnoll hits you with a +0 club!
You barely miss the gnoll.
The gnoll is moderately wounded.
Your rat bites the gnoll.
The gnoll hits you with a +0 club.
* * * LOW HITPOINT WARNING * * *
You closely miss the gnoll.
The gnoll is heavily wounded.
Your rat bites the gnoll but does no damage.
The gnoll closely misses you.
You scratch the gnoll but do no damage.
The gnoll is heavily wounded.
Your rat bites the gnoll but does no damage.
The gnoll barely misses you.
You closely miss the gnoll.
The gnoll is heavily wounded.
Your rat bites the gnoll.
The gnoll closely misses your rat.
You catch the helpless gnoll completely off-guard!
You scratch the gnoll but do no damage.
The gnoll is heavily wounded.
Your rat bites the gnoll.
You catch the helpless gnoll completely off-guard!
You scratch the gnoll but do no damage.
The gnoll is severely wounded.
The gnoll misses you.
Your rat bites the gnoll.
You barely miss the gnoll.
The gnoll is severely wounded.
The gnoll hits you with a +0 club.
* * * LOW HITPOINT WARNING * * *
Your rat bites the gnoll but does no damage.
You scratch the gnoll but do no damage.
The gnoll is severely wounded.
The gnoll misses you.
Your rat bites the gnoll but does no damage.
You closely miss the gnoll.
The gnoll is severely wounded.
The gnoll hits you with a +0 club.
You die...

*,,g,,* #.......# #.# #.# *,,,,,*
#.......###.# #.# *,,,,,*
##..........# ###.# *,,,≈,*
#.###..##### ##.... **,*,≈,*
#......# ##..#.# **,,*,,,***
##.###.# ##.#...#
**,,,***##.####...##.#####.###..#
,',,,,,,...'...r............#....
**,,,,,,...####g@.##.#######....#
**,,,,,,,** ##.###.# #....##
**,,,,,** ### #.# #...... **,,,**
***.# #.>.### **'** **,,,** ###.#
*(* *,**,,* #.#
*,**********,*,,,* #.#
**,**,,,,,,,*,**,,* #.#
***,,,*,*****,**,(,** #####.###


You could see a gnoll (ally target) and a friendly rat (summoned).

Vanquished Creatures
  A gnoll (D:2)
  2 bats (D:1)
  2 endoplasms (D:1)
  2 giant cockroaches (D:1)
  4 hobgoblins
  8 jackals (D:1)
  A kobold (D:1)
  A quokka (D:1)
  A ball python (D:2)
  2 frilled lizards (D:1)
  3 rats (D:1)
27 creatures vanquished.

Vanquished Creatures (collateral kills)
  A bat (D:1)
  An endoplasm (D:1)
  A jackal (D:1)
3 creatures vanquished.

Grand Total: 30 creatures vanquished

Notes
Turn   | Place    | Note
-------+----------+-------------------------------------------
     0 | D:1      | jejorda2 the Ghoul Summoner began the quest for the Orb.
     0 | D:1      | Reached XP level 1. HP: 14/14 MP: 2/2
   194 | D:1      | Reached skill level 1 in Unarmed Combat
   262 | D:1      | Reached XP level 2. HP: 20/20 MP: 1/3
  1089 | D:1      | Found a faded altar of an unknown god.
  1092 | D:1      | Reached XP level 3. HP: 27/27 MP: 4/4
  1318 | D:1      | Found Ulugat's General Store.
  1603 | D:2      | Reached skill level 1 in Fighting
  1617 | D:2      | HP: 1/28 [gnoll (8)]
  1628 | D:1      | HP: 1/28 [gnoll (6)]
  2079 | D:1      | Found Ulugat's General Store.
  2244 | D:1      | Slain by a gnoll

Illustrated notes

Levels and vault maps discovered:
D:1:      amcnicky_arrival_blooded_trapdoor, layout_loops_corners,
          hellmonk_ecumenical_altar_dog_temple, serial_shops, shop_fountains,
          minmay_misc_feat_ornament
D:2:      layout_rooms

Skill      XL: |  1  2  3 |
---------------+----------+-----
Unarmed Combat | 1 2 3 |  3.1
Fighting       | 1 |  1.1
Dodging        | |  1.7
Stealth        | |  2.1
Spellcasting   | |  1.7
Summonings     | |  3.6

Action                   || total
-------------------------++-------
Melee: Unarmed           ||   115
 Cast: Summon Small Mamm ||    27
  Use: Potion            ||     1
 Stab: Sleeping          ||     2
       Distracted        ||     2
Armor: Robe              ||    18
Dodge: Dodged            ||    85
